 Dungeon Crawl Stone Soup version 0.26-a0-652-gafc20e3620 (webtiles) character file.

Game seed: 9435339376157784155

36 Conn the Magician (level 3, -5/22 HPs)
             Began as an Octopode Hedge Wizard on Oct 4, 2020.
             Slain by an ogre
             ... wielding a +0 giant club
              (27 damage)
             ... on level 2 of the Dungeon.
             The game lasted 00:04:58 (1787 turns).

Conn the Magician (Octopode Hedge Wizard)           Turns: 1787, Time: 00:04:58

Health: -5/22      AC:  1    Str:  9    XL:     3   Next: 37%
Magic:  0/8        EV: 13    Int: 17    God:
Gold:   62         SH:  0    Dex: 11    Spells: 1/9 levels left

rFire    . . .     SeeInvis .   d - +1 short sword
rCold    . . .     Faith    .   (no shield)
rNeg     . . .     Spirit   .   b - +0 hat
rPois    .         Reflect  .   (no amulet)
rElec    .         Harm     .   (no ring)
rCorr    .         Rampage  .   (no ring)
MR       .....                  (no ring)
Stlth    +++.......             (no ring)
HPRegen  0.07/turn              (no ring)
MPRegen  0.11/turn              (no ring)
                                (no ring)
                                (no ring)

@: no status effects
A: almost no armour, stealthy swim, amphibious, 8 rings, constrict 8, camouflage
1, gelatinous body 1
a: no special abilities


You were on level 2 of the Dungeon.
You visited 1 branch of the dungeon, and saw 2 of its levels.

You collected 62 gold pieces.

Inventory:

Hand Weapons
 a - a +0 dagger
 d - a +1 short sword (weapon)
Armour
 b - a +0 hat (worn)
Scrolls
 c - 2 scrolls of identify
 e - a scroll of remove curse {unknown}
 g - a scroll of enchant weapon
Potions
 f - a potion of curing


   Skills:
 + Level 0.4 Fighting
 + Level 0.3 Short Blades
 + Level 2.0 Dodging
 + Level 2.9 Stealth
 + Level 3.8 Spellcasting
 + Level 1.3 Conjurations
 + Level 1.0 Summonings
 + Level 1.0 Translocations


You had one spell level left.
You knew the following spells:

 Your Spells              Type           Power        Failure   Level
a - Magic Dart            Conj           #...         10%         1
b - Blink                 Tloc           N/A          16%         2
c - Call Imp              Summ           #.......     16%         2
d - Conjure Flame         Conj/Fire      #.......     36%         3

Your spell library contained the following spells:

 Spells                   Type           Power        Failure   Level
 Slow                     Hex            #.......     24%         2
 Mephitic Cloud           Conj/Pois/Air  #.......     38%         3


Dungeon Overview and Level Annotations

Branches:
Dungeon (2/15)

Altars:


Innate Abilities, Weirdness & Mutations

You cannot wear most types of armour.
You are very stealthy in the water. (Stealth+)
You are amphibious.
You can wear up to eight rings at the same time.
You can use your tentacles to constrict eight enemies at once.
Your skin changes colour to match your surroundings (Stealth+).
Your rubbery body absorbs attacks. (AC +1, EV +1)


Message History

The magic dart hits the ogre.
The ogre is severely wounded.
Casting: Magic Dart (safe; 10% risk of failure)
Confirm with . or Enter, or press ? or * to list all spells.
Aiming: Magic Dart (safe; 10% risk of failure)
Press: ? - help, Shift-Dir - straight line, f/p - ogre
Aim: an ogre, wielding a +0 giant club (severely wounded)
The magic dart hits the ogre.
The ogre is almost dead.
The ogre misses your crimson imp.
Your crimson imp barely misses the ogre.
Your crimson imp hits the ogre but does no damage.
Your crimson imp disappears in a puff of smoke!
You see here 10 stones.
Casting: Magic Dart (safe; 10% risk of failure)
Confirm with . or Enter, or press ? or * to list all spells.
A metallic apparition takes form in the air.
The ogre hits you with a +0 giant club!!
Ouch! That really hurt!
You die...

#########....#####..... ##
#...# ##(......#####. .##
###.######....##...######...
#.##........####.......###
#....#####...#########.O.<
#####..#### ##...# #####
#.........# ##..#
#.........####################
.............O@.5..............
###############################


You could see an ogre and a friendly iron imp (summoned).

Vanquished Creatures
  3 leopard geckos (D:1)
  A giant cockroach (D:1)
  5 hobgoblins (D:1)
  3 jackals (D:1)
  8 ball pythons
  3 bats (D:1)
  2 frilled lizards (D:1)
  4 kobolds (D:1)
  2 rats (D:1)
31 creatures vanquished.

Vanquished Creatures (others)
  2 fungi (D:1)
2 creatures vanquished.

Grand Total: 33 creatures vanquished

Notes
Turn   | Place    | Note
-------+----------+-------------------------------------------
     0 | D:1      | Conn the Octopode Hedge Wizard began the quest for the Orb.
     0 | D:1      | Reached XP level 1. HP: 11/11 MP: 4/4
   383 | D:1      | Reached XP level 2. HP: 17/17 MP: 6/6
   869 | D:1      | Reached XP level 3. HP: 17/22 MP: 8/8
  1610 | D:2      | Noticed an ogre
  1657 | D:1      | Learned a level 2 spell: Blink
  1660 | D:1      | Learned a level 2 spell: Call Imp
  1664 | D:1      | Learned a level 3 spell: Conjure Flame
  1787 | D:2      | Slain by an ogre

Illustrated notes

Levels and vault maps discovered:
D:1:      minmay_arrival_three_doors, layout_basic, minmay_misc_feat_columns,
          minmay_shallow_snake_nest
D:2:      layout_rooms, overflow_temple_1_default,
          gammafunk_temple_overflow_elements

Action                   || total
-------------------------++-------
Melee: Dagger            ||    29
       Tentacles         ||     8
       Constrict         ||    15
       Short sword       ||    31
 Cast: Magic Dart        ||    30
       Call Imp          ||     4
  Use: Scroll            ||     3
 Stab: Sleeping          ||     1
Armor: Skin              ||     4
Dodge: Dodged            ||    39

Table legend: (Time is in decaauts)
 A = Elapsed time spent in this place.
 B = Non-inter-level travel time spent in this place.
 C = Inter-level travel time spent in this place.
 D = Time resting spent in this place.
 E = Time spent auto-exploring this place.
 F = Levels seen in this place.
 G = Mean time per level.
                   A        B        C        D        E       F      G
               +--------+--------+--------+--------+--------+-----+--------+
         Total |   1790 |   1768 |     22 |    566 |    757 |   2 |  895.0 |
       Dungeon |   1790 |   1768 |     22 |    566 |    757 |   2 |  895.0 |
               +--------+--------+--------+--------+--------+-----+--------+

Top non-repeatable levels by time:
     D:1: 1586 daAuts
     D:2: 203 daAuts
